 Dungeon Crawl Stone Soup version 0.25-a0-86-ga6f17ae7d4 (webtiles) character file.

Game seed: 209299917393187633, levelgen mode: deterministic

1141 D1HalberdGnoll the Spear-Bearer (level 8, -1/62 HPs)
             Began as a Merfolk Skald on Nov 9, 2019.
             Was a Follower of Fedhas.
             Slain by a slime creature (16 damage)
             ... on level 4 of the Dungeon.
             The game lasted 00:11:42 (7066 turns).

D1HalberdGnoll the Spear-Bearer (Merfolk Skald)     Turns: 7066, Time: 00:11:43

Health: -1/62      AC:  6    Str: 12    XL:     8   Next: 37%
Magic:  20/20      EV: 13    Int: 13    God:    Fedhas [*.....]
Gold:   263        SH:  0    Dex: 14    Spells: 10/11 levels left

rFire    . . .     SeeInvis .   a - +0 spear
rCold    . . .     Gourm    .   (no shield)
rNeg     . . .     Faith    .   i - +0 ring mail
rPois    .         Spirit   .   f - +0 hat
rElec    .         Reflect  .   l - +0 cloak
rCorr    .         Harm     .   (no gloves)
MR       .....                  (no boots)
Stlth    +.........             (no amulet)
HPRegen  0.20/turn              (no ring)
MPRegen  0.17/turn              r - ring of magical power

@: no status effects
A: change form in water, swift swim, stealthy swim
a: Renounce Religion


You were on level 4 of the Dungeon.
You worshipped Fedhas.
Fedhas was aware of your devotion.
You were not hungry.

You visited 2 branches of the dungeon, and saw 6 of its levels.

You collected 263 gold pieces.

Inventory:

Hand Weapons
 a - a +0 spear (weapon)
Missiles
 g - 13 poisoned darts (quivered)
Armour
 f - a +0 hat (worn)
 i - a +0 ring mail (worn)
 l - a +0 cloak (worn)
Jewellery
 p - an uncursed amulet of magic regeneration
 r - a ring of magical power (right hand)
Scrolls
 e - 6 scrolls of teleportation
 h - a scroll of blinking {unknown}
 k - 2 scrolls of remove curse
 o - 2 scrolls of identify
 t - a scroll of random uselessness {unknown}
 v - a scroll of magic mapping {unknown}
Potions
 b - 3 potions of brilliance {unknown}
 c - 2 potions of curing
 m - 3 potions of might {unknown}
 n - a potion of degeneration {unknown}
 q - 3 potions of flight {unknown}
 s - a potion of haste {unknown}
 u - a potion of lignification {unknown}
Comestibles
 d - 8 rations


   Skills:
 + Level 5.3 Fighting
 * Level 9.6 Polearms
 + Level 3.3 Armour
 - Level 5.0 Dodging
 - Level 2.0 Spellcasting
 - Level 3.2 Charms


You had 10 spell levels left.
You knew the following spells:

 Your Spells              Type           Power        Failure   Level  Hunger
a - Infusion              Chrm           #...         14%         1    ##.....

Your spell library contained the following spells:

 Spells                   Type           Power        Failure   Level  Hunger
 Song of Slaying          Chrm           #.......     22%         2    ###....
 Shroud of Golubria       Chrm/Tloc      #.....       38%         2    ###....
 Regeneration             Chrm/Necr      #.........   63%         3    ####...
 Spectral Weapon          Hex/Chrm       #.......     63%         3    ####...


Dungeon Overview and Level Annotations

Branches:
Dungeon (5/15)             Temple (1/1) D:4

Altars:
Ashenzari
Dithmenos
Elyvilon
Fedhas
Gozag
Hepliaklqana
Kikubaaqudgha
Makhleb
Okawaru
Qazlal
Ru
Sif Muna
Trog
Uskayaw
Vehumet
Wu Jian
Xom
Yredelemnul
Zin
The Shining One


Message History

There is a stone staircase leading up here.
The slime creature hits you!
You climb upwards.
There is a stone staircase leading down here.
The slime creature misses you.
There is a stone staircase leading down here.
The slime creature completely misses you.
The slime creature misses you. The slime creature hits you!!
* * * LOW HITPOINT WARNING * * *
The slime creature hits you!
* * * LOW HITPOINT WARNING * * *
The slime creature hits you.
* * * LOW HITPOINT WARNING * * *
The slime creature quivers.
There is a stone staircase leading down here.
You can't go up here!
The slime creature hits you!
You die...
Fedhas appreciates your contribution to the ecosystem.

J.........####................##
.......#..# #....#.............#
......##..###.................##
.....###..##..................#
............J................##
..##....###................#.#
..##...##...............####.#
..###..##.......J.......###..#
...##...........@.......#.#..#
#..##....#.##.............#..##
#..#.....#####............#...#
#....##...# #...............##
#.....#...# ####......#..#.###
#.....##.## #.....##..#...##
##.#......## #.....##.......#
###(......# #.....####.....##
##.....## ####.## ##......


You could see 2 slime creatures.

Vanquished Creatures
  Grinder (D:5)
  2 centaurs (D:5)
  A big kobold (D:5)
  A bullfrog (D:4)
  A howler monkey (D:5)
  A human zombie (D:4)
  4 jellies (D:5)
  2 centaur skeletons
  A bullfrog zombie (D:5)
  2 hounds
  An iguana (Temple)
  An orc wizard (D:5)
  4 worker ants
  A howler monkey skeleton (D:4)
  4 adders
  3 oozes (D:5)
  2 worm zombies (D:4)
  An adder skeleton (D:5)
  4 dart slugs
  2 leopard geckos (D:1)
  2 orcs (D:5)
  5 giant cockroaches
  6 goblins
  5 hobgoblins
  10 jackals
  7 kobolds
  A quokka (D:5)
  3 ball pythons
  6 bats
  8 frilled lizards
  A jackal skeleton (D:4)
  A quokka skeleton (D:4)
  7 rats
101 creatures vanquished.

Vanquished Creatures (others)
  6 fungi (D:5)
  8 toadstools (D:5)
14 creatures vanquished.

Grand Total: 115 creatures vanquished

Notes
Turn   | Place    | Note
-------+----------+-------------------------------------------
     0 | D:1      | D1HalberdGnoll the Merfolk Skald began the quest for the
                  | Orb.
     0 | D:1      | Reached XP level 1. HP: 16/16 MP: 3/3
   135 | D:1      | Reached XP level 2. HP: 16/23 MP: 5/5
   511 | D:1      | Reached skill level 1 in Armour
   822 | D:1      | Reached XP level 3. HP: 25/28 MP: 6/6
   824 | D:1      | Reached skill level 4 in Polearms
  1844 | D:2      | Found an opulent altar of Gozag.
  1920 | D:2      | Reached XP level 4. HP: 33/34 MP: 1/7
  2430 | D:3      | Found a shattered altar of Ashenzari.
  3292 | D:4      | Found a staircase to the Ecumenical Temple.
  3315 | D:4      | Reached skill level 5 in Polearms
  3326 | Temple   | Entered the Ecumenical Temple
  3381 | Temple   | Became a worshipper of Fedhas Madash
  3397 | D:4      | Found a sand-covered staircase.
  3434 | Temple   | Reached XP level 5. HP: 22/41 MP: 8/8
  4051 | D:4      | Found a shimmering blue altar of Sif Muna.
  4060 | D:4      | Reached skill level 6 in Polearms
  4060 | D:4      | Reached XP level 6. HP: 22/47 MP: 7/9
  4325 | D:4      | Found an iron altar of Okawaru.
  4327 | D:4      | Found a glowing silver altar of Zin.
  4341 | D:4      | Found a burning altar of Makhleb.
  5087 | D:5      | Entered Level 5 of the Dungeon
  5125 | D:5      | Reached skill level 7 in Polearms
  5125 | D:5      | Reached XP level 7. HP: 47/54 MP: 10/10
  5182 | D:5      | Reached * piety under Fedhas
  5183 | D:5      | Noticed Grinder
  5200 | D:5      | Reached skill level 5 in Dodging
  5221 | D:5      | Paralysed by Grinder for 2 turns
  5239 | D:5      | Paralysed by Grinder for 4 turns
  5253 | D:5      | Paralysed by Grinder for 4 turns
  5679 | D:5      | Found a stormy altar of Qazlal.
  5754 | D:5      | Reached skill level 8 in Polearms
  6059 | D:5      | Killed Grinder
  6059 | D:5      | Reached skill level 5 in Fighting
  6059 | D:5      | Reached skill level 9 in Polearms
  6059 | D:5      | Reached XP level 8. HP: 41/62 MP: 5/11
  6538 | D:5      | Noticed a slime creature
  6538 | D:5      | Noticed a slime creature
  7066 | D:4      | Slain by a slime creature

Levels and vault maps discovered:
D:1:      dpeg_arrival_leaves_temple_mockup, layout_loops_ring,
          nrook_mini_backslash, eino_curves_03
D:2:      layout_basic, nicolae_gozag_seed_capital
D:3:      layout_rooms, ashenzari_altar_1
D:4:      layout_cave_pools, marbit_many_paths, makhleb_heckhound_becter,
          minitemple, minmay_temple_entry_tees, enter_ossuary_3
D:5:      cheibrodos_fertilizer, layout_gridville, first_ration,
          grunt_qazlal_clouds, uniq_grinder
Temple:   nicolae_temple_great_sept

Skill      XL: |  1  2  3  4  5  6  7 |
---------------+----------------------+-----
Dodging        | 3 4 5 |  5.0
Armour         | 1 2 3 |  3.3
Polearms       | 4 5 6 7 9 |  9.6
Fighting       | 3 4 5 |  5.3
Spellcasting   | |  2.0
Charms         | |  3.2

Action                   |  1- 3 |  4- 6 |  7- 9 || total
-------------------------+-------+-------+-------++-------
Melee: Spear             |   133 |   282 |   207 ||   622
Throw: Dart              |       |     1 |     5 ||     6
 Cast: Infusion          |     4 |     9 |     9 ||    22
  Use: Scroll            |       |     3 |       ||     3
       Potion            |       |     1 |     2 ||     3
  Eat: Chunk             |     3 |     7 |     4 ||    14
       Ration            |       |     1 |     1 ||     2
Armor: Leather armour    |     5 |       |       ||     5
       Ring mail         |    34 |    70 |    32 ||   136
Dodge: Dodged            |    65 |   128 |    86 ||   279

Table legend:
 A = Non-vault XP
 B = Vault XP
 C = Vault XP percentage of total XP
 D = Non-vault monster count
 E = Vault monster count
 F = Vault count percentage of total count
                 A         B        C        D         E       F
            +---------+---------+-------+---------+---------+-------
      Total |     952 |     679 |  41.6 |      83 |      18 |  17.8
            +---------+---------+-------+---------+---------+-------
        D:1 |      46 |       0 |   0.0 |      24 |       0 |   0.0
        D:2 |      46 |       0 |   0.0 |      15 |       0 |   0.0
        D:3 |      47 |       0 |   0.0 |      15 |       0 |   0.0
        D:4 |     226 |     142 |  38.6 |      13 |       5 |  27.8
        D:5 |     551 |     537 |  49.4 |      15 |      13 |  46.4
     Temple |      36 |       0 |   0.0 |       1 |       0 |   0.0
            +---------+---------+-------+---------+---------+-------
